 Dungeon Sprint DCSS version 0.30.1-9-gdf580d7c3d (webtiles) character file.

Game seed: 17965505892617017111

3246 Heoruswealwe the Impaler (level 9, -12/94 HPs)
             Began as a Minotaur Fighter on Sept 26, 2023.
             Was an Initiate of Gozag.
             Mangled by Sonja
             ... wielding a +1 dagger of distortion
              (15 damage)
             ... in the Dungeon (Sprint IX: "|||||||||||||||||||||||||||||").
             The game lasted 00:06:13 (626 turns).

Heoruswealwe the Impaler (Minotaur Fighter)          Turns: 626, Time: 00:06:14

Health: -12/94     AC: 24    Str: 26    XL:     9   Next: 67%
Magic:  8/8        EV:  9    Int:  5    God:    Gozag
Gold:   1017       SH:  0    Dex:  9    Spells: 8/8 levels left

rFire   . . .        b - +2 halberd (protect)
rCold   . . .        (shield currently unavailable)
rNeg    . . .        c - +1 chain mail
rPois   .            (helmet restricted)
rElec   .            h - +0 cloak
rCorr   .            (no gloves)
SInv    .            (no boots)
Will    .....        (no amulet) Stlth
                     k - +2 ring of protection
HPRegen 0.35/turn    (no ring)
MPRegen 0.11/turn

%: no teleportation
@: under a protective aura, slowed, very slow
A: horns 2, retaliatory headbutt
a: Renounce Religion, Potion Petition, Call Merchant, Bribe Branch


You were in the Dungeon.
You worshipped Gozag.
Gozag was most pleased with you.
You visited 1 branch You collected 1017 gold pieces.

Inventory:

Hand Weapons
 a - a +0 trident
 b - a +2 halberd of protection (weapon)
Armour
 c - a +1 chain mail (worn)
 d - a +0 buckler
 h - a +0 cloak (worn)
Jewellery
 k - a +2 ring of protection (left hand)
Wands
 l - a wand of light (10)
Scrolls
 j - 2 scrolls of blinking
Potions
 f - a potion of curing
 i - a potion of berserk rage


   Skills:
 + Level 13.9 Fighting
 * Level 18.7 Polearms
 + Level 13.9 Armour
 - Level 3.6 Shields


You had 8 spell levels left.
You didn't know any spells.
Your spell library was empty.

Dungeon Overview and Level Annotations

Branches:
Dungeon (1/1)

Altars:
Cheibriados
Dithmenos
Elyvilon
Fedhas
Gozag
Hepliaklqana
Kikubaaqudgha
Makhleb
Nemelex Xobeh
Okawaru
Qazlal
Ru
Sif Muna
Trog
Uskayaw
Vehumet
Wu Jian
Xom
Yredelemnul
Zin
The Shining One
Jiyva
Lugonu

Annotations:
D Sonja


Innate Abilities, Weirdness & Mutations

You have a pair of horns on your head.
You reflexively headbutt those who attack you in melee.


Message History

You have difficulty breathing.
You feel as though you will be slow longer.
You closely miss Sonja.
You feel very sick. Sonja hits you but does no damage. Space warps around you.
Sonja hits you but does no damage. Sonja closely misses you.
You barely miss Sonja.
You feel very sick.
Sonja zaps a wand.
The bolt of light misses you.
Sonja gestures wildly while chanting.
Sonja blinks!
You feel very sick.
Sonja throws a curare-tipped dart.
The curare-tipped dart closely misses you.
Sonja mumbles some strange words.
Sonja blinks!
You feel very sick.
You feel sick.
Sonja zaps a wand.
The bolt of light misses you.
You feel sick.
You closely miss Sonja. Your headbutt misses Sonja.
You feel sick.
Sonja zaps a wand.
The bolt of light hits you!
You puncture Sonja!
Your weapon exudes an aura of protection.
Sonja is heavily wounded.
You feel sick.
You are no longer poisoned.
Sonja hits you with a +1 dagger of distortion.
* * * LOW HITPOINT WARNING * * *
Space warps around you.
* * * LOW HITPOINT WARNING * * *
Sonja hits you but does no damage. Sonja completely misses you.
Sonja hits you with a +1 dagger of distortion!
* * * LOW HITPOINT WARNING * * *
Space warps around you.
* * * LOW HITPOINT WARNING * * *
Sonja hits you but does no damage. Space warps horribly around you!
* * * LOW HITPOINT WARNING * * *
Sonja hits you but does no damage. Space warps horribly around you!
You die...
Your body crumbles into a pile of gold.

▓.▓.▓
$
▓.▓)▓
$
▓.▓)▓
$
$▓.▓.▓
$
▓.▓)▓
$
▓.▓.▓
▓.▓'▓
▓.▓.▓
▓@▓.▓
▓K▓.▓
▓.▓.▓
▓.▓.▓
▓.▓.▓
▓.▓'▓
▓.▓.▓
▓...▓
▓▓▓▓▓


You could see Sonja.

Vanquished Creatures
  A rakshasa (D)
  A catoblepas (D)
  A skeletal warrior (D)
  A deep elf pyromancer (D)
  A wraith (D)
  A hog (shapeshifter) (D)
  3 yaks (D)
  A vampire mosquito (D)
  An ice beast (D)
  A kobold brigand (D)
  A gnoll sergeant (D)
  A howler monkey (D)
  An iguana (D)
  An ufetubus (D)
  An orc (D)
  A giant cockroach (D)
  A goblin (D)
  A quokka (D)
  A frilled lizard (D)
  A rat (D)
22 creatures vanquished.

Notes
Turn   | Place    | Note
-------+----------+-------------------------------------------
     0 | D        | Heoruswealwe the Minotaur Fighter began the quest for the
                  | Orb.
     0 | D        | Reached XP level 1. HP: 19/19 MP: 0/0
    13 | D        | Reached skill level 3 in Polearms
    32 | D        | Noticed an iguana
    32 | D        | Noticed an ice beast
    32 | D        | Noticed a howler monkey
    34 | D        | Reached skill level 4 in Polearms
    38 | D        | Killed an iguana
    39 | D        | Reached skill level 5 in Fighting
    39 | D        | Reached skill level 5 in Polearms
    39 | D        | Reached skill level 5 in Armour
    39 | D        | Reached XP level 2. HP: 23/29 MP: 1/1
    39 | D        | Reached XP level 3. HP: 29/36 MP: 2/2
    42 | D        | Reached skill level 6 in Polearms
    49 | D        | Killed an ice beast
    50 | D        | Reached skill level 8 in Polearms
    50 | D        | Reached XP level 4. HP: 7/45 MP: 3/3
    58 | D        | Reached skill level 9 in Polearms
    58 | D        | Reached XP level 5. HP: 14/52 MP: 4/4
    64 | D        | Found a snail-covered altar of Cheibriados.
    64 | D        | Found a shadowy altar of Dithmenos.
    64 | D        | Found a white marble altar of Elyvilon.
    64 | D        | Found a blossoming altar of Fedhas.
    64 | D        | Found an opulent altar of Gozag.
    65 | D        | Found a hazy altar of Hepliaklqana.
    66 | D        | Found a viscous altar of Jiyva.
    67 | D        | Found an ancient bone altar of Kikubaaqudgha.
    68 | D        | Found a corrupted altar of Lugonu.
    69 | D        | Found a burning altar of Makhleb.
    70 | D        | Found a sparkling altar of Nemelex Xobeh.
    71 | D        | Found an iron altar of Okawaru.
    72 | D        | Became a worshipper of Gozag Ym Sagoz the Greedy
    73 | D        | Found a stormy altar of Qazlal.
    74 | D        | Found a sacrificial altar of Ru.
    75 | D        | Found a shimmering blue altar of Sif Muna.
    76 | D        | Found a bloodstained altar of Trog.
    77 | D        | Found a hide-covered altar of Uskayaw.
    78 | D        | Found a radiant altar of Vehumet.
    79 | D        | Found an ornate altar of the Wu Jian Council.
    80 | D        | Found a shimmering altar of Xom.
    81 | D        | Found a basalt altar of Yredelemnul.
    82 | D        | Found a glowing silver altar of Zin.
    83 | D        | Found a glowing golden altar of the Shining One.
   194 | D        | Noticed a wraith
   194 | D        | Noticed a yak
   194 | D        | Noticed a yak
   194 | D        | Noticed a yak
   198 | D        | Killed a wraith
   199 | D        | Reached skill level 11 in Polearms
   199 | D        | Reached XP level 6. HP: 48/62 MP: 5/5
   202 | D        | Killed a yak
   203 | D        | Reached skill level 12 in Polearms
   210 | D        | Reached XP level 7. HP: 31/71 MP: 6/6
   213 | D        | Killed a yak
   214 | D        | Reached skill level 10 in Fighting
   214 | D        | Reached skill level 13 in Polearms
   214 | D        | Reached skill level 10 in Armour
   226 | D        | Killed a yak
   227 | D        | Reached skill level 14 in Polearms
   348 | D        | Noticed a hog
   348 | D        | Noticed a catoblepas
   348 | D        | Noticed a skeletal warrior
   348 | D        | Noticed a rakshasa
   348 | D        | Noticed a deep elf pyromancer
   348 | D        | Noticed a vampire mosquito
   374 | D        | Killed a hog
   379 | D        | Noticed a fire elemental
   402 | D        | Killed a catoblepas
   403 | D        | Reached skill level 16 in Polearms
   403 | D        | Reached XP level 8. HP: 41/83 MP: 7/7
   411 | D        | Killed a skeletal warrior
   412 | D        | Reached skill level 17 in Polearms
   412 | D        | Reached XP level 9. HP: 54/92 MP: 8/8
   429 | D        | Killed a rakshasa
   430 | D        | Reached skill level 18 in Polearms
   434 | D        | Killed a deep elf pyromancer
   610 | D        | Noticed Sonja
   626 | D        | HP: 3/94 [Sonja/+1 dagger of distortion (7)]
   626 | D        | Mangled by Sonja

Illustrated notes

Levels and vault maps discovered:
D:        linesprint [early_d, line_temple, items_1, d_10, items_2, lair_1,
          lair_end, items_3, orc_1, orc_end, items_4, d_15, swamp_1, shoals_1,
          snake_1, spider_1, d_20, vaults_1, items_5, swamp_end, shoals_end,
          snake_end, spider_end, vaults_end, d_27, items_6, zot_1, zot_end,
          crypt_end, forest_end, elf_end, slime_end, tomb_end, abyss_end,
          pan_hell_end]

Skill      XL: |  1  2  3  4  5  6  7  8  9 |
---------------+----------------------------+-----
Polearms       | 5 8 9 11 12 16 17 18 | 18.7
Fighting       | 5 6 7 8 9 12 13 | 13.9
Armour         | 5 6 7 8 9 12 13 | 13.9
Shields        | |  3.6

Action                     |  1- 3 |  4- 6 |  7- 9 || total
---------------------------+-------+-------+-------++-------
  Melee: Trident           |    31 |     7 |       ||    38
         Headbutt          |     3 |     6 |    12 ||    21
         Halberd           |       |    13 |    59 ||    72
    Use: Potion            |     1 |     1 |     7 ||     9
   Stab: Distracted        |       |       |     2 ||     2
         Petrified         |       |       |     1 ||     1
 Armour: Scale mail        |     7 |     2 |       ||     9
         Chain mail        |       |     7 |    32 ||    39
  Dodge: Dodged            |     9 |     8 |    20 ||    37
  Block: Buckler           |     6 |       |       ||     6
